 Dungeon Crawl Stone Soup version 0.17-a0-1748-g222fba8 (webtiles) character file.

42 MartinZepigue the Skirmisher (level 3, 0/34 HPs)
             Began as a Minotaur Berserker on Sept 1, 2015.
             Was a Believer of Trog.
             Killed from afar by Ijyb (10 damage)
             ... with a wand of flame
             ... on level 2 of the Dungeon.
             The game lasted 00:15:07 (1316 turns).

MartinZepigue the Skirmisher (Minotaur Berserker)   Turns: 1316, Time: 00:15:07

Health: 0/34       AC:  5    Str: 22    XL:     3   Next: 33%
Magic:  2/2        EV:  8    Int:  4    God:    Trog [**....]
Gold:   50         SH:  8    Dex:  9    Spells: 0 memorised, 2 levels left

rFire  . . .     SeeInvis .     a - +0 hand axe
rCold  . . .     Clarity  .     d - +0 ring mail
rNeg   . . .     SustAt   .     e - +0 shield
rPois  .         Gourm    .     (helmet restricted)
rElec  .         Spirit   .     (no cloak)
rCorr  .         Warding  .     (no gloves)
rMut   .         Stasis   .     (no boots)
MR     .....                    (no amulet)
Stlth  ..........               (no ring)
                                (no ring)

@: exhausted, slowed, very slow, not resistant to hostile enchantments,
extremely unstealthy
A: retaliatory headbutt, horns 2
a: Burn Spellbooks, Berserk, Trog's Hand, Renounce Religion


You were on level 2 of the Dungeon.
You worshipped Trog.
Trog was pleased with you.
You were very hungry.

You visited 1 branch of the dungeon, and saw 2 of its levels.

You collected 50 gold pieces.

Inventory:

Hand weapons
 a - a +0 hand axe (weapon)
 j - a +2 dagger of venom
Missiles
 f - 53 stones (quivered)
 g - 18 poisoned needles
Armour
 b - a +0 animal skin
 d - a +0 ring mail (worn)
 e - a +0 shield (worn)
 i - a +0 cloak
Scrolls
 h - 2 scrolls of identify {unknown}
Comestibles
 c - 4 bread rations


   Skills:
 + Level 4.4 Fighting
 + Level 4.1 Axes
 + Level 2.7 Armour
 + Level 2.5 Dodging
 + Level 1.0 Shields


You had 2 spell levels left.
You didn't know any spells.

Dungeon Overview and Level Annotations

Branches:
Dungeon (2/15)

Altars:

Annotations:
D:2 Ijyb


Innate Abilities, Weirdness & Mutations

You reflexively headbutt those who attack you in melee.
You have a pair of horns on your head.


Message History

You miss the giant newt.
You feel sick. The giant newt bites you.
You slash the giant newt!
You kill the giant newt!
Trog accepts your kill.
Press: ? - help, v - describe, . - travel
Here: Ijyb, wielding a club and carrying a wand of flame {zapped: 2} The floor.
Unknown command.
Ijyb zaps a wand.
The puff of flame hits you!
You feel a strong urge to attack something.
You are no longer berserk.
You are exhausted.
You feel yourself slow down.
You are feeling very hungry.
You feel sick.
You feel sick.
You feel sick.
You are no longer poisoned.
Ijyb zaps a wand.
The puff of flame hits you!
You die...

####...#.### #####......#...
.............. . #........#
..###........# #+#
............######.###
..............##.......#
.......>.......##.....>.#
.......##..@.....g......##
.................#.......#..
...........###...#...%......
..........###...........##g
#.........##..............
####.....................#
###..).................#....
#......................##.#.
#......#####............ ...


You could see Ijyb.

Vanquished Creatures
  An adder (D:2)
  2 giant cockroaches (D:1)
  6 goblins
  7 hobgoblins
  A ball python (D:1)
  5 bats (D:1)
  2 giant geckos (D:1)
  A giant newt (D:2)
  2 kobolds (D:1)
  3 rats (D:1)
  A bush (D:1)
31 creatures vanquished.

Notes
Turn   | Place    | Note
--------------------------------------------------------------
     0 | D:1      | MartinZepigue the Minotaur Berserker began the quest for the Orb.
     0 | D:1      | Reached XP level 1. HP: 19/19 MP: 0/0
   104 | D:1      | Reached skill level 4 in Fighting
   104 | D:1      | Reached XP level 2. HP: 20/27 MP: 1/1
   714 | D:1      | Acquired Trog's second power
   859 | D:2      | Reached XP level 3. HP: 30/34 MP: 2/2
  1302 | D:2      | Reached skill level 1 in Shields
  1303 | D:2      | Noticed Ijyb
  1316 | D:2      | Killed from afar by Ijyb

Vault maps used:
D:1:      minmay_arrival_four_loops, serial_forest,
          infiniplex_forest_clump_cross, infiniplex_forest_clump_medium,
          infiniplex_forest_lined_corner, infiniplex_forest_clump_cross,
          infiniplex_forest_lined_3, infiniplex_forest_clump_cross,
          infiniplex_forest_lined_2
D:2:      minivault_14, minmay_strange_pillars, uniq_crazy_yiuf_cottage,
          uniq_iyjb, uniq_natasha, uniq_terence

Action                   || total
-------------------------++-------
Melee: Hand axe          ||   144
       Dagger            ||     3
Invok: Berserk           ||     1
  Use: Potion            ||     2
  Eat: Pizza             ||     1
